Cogmind - Beta 11 @@@ ROGUE MODE // 2022.04.18 @ 07:32:54 Player: AlmondRoll Result: Escaped! Performance ------------- Evolutions (9) 4500 Regions Visited (30) 6000 Robots Destroyed (176) 880 Value Destroyed (5538) 5538 Prototype IDs (280) 5600 Alien Tech Used (20) 4000 Bonus (23851) 23851 TOTAL SCORE: 50369 Bonus ------- High Alert Combat Kills 105 Follower Combat Kills 301 Met Zhirov 300 Met Warlord at Base 500 MAIN.C Attacked Warlord 500 Acquired SGEMP 2000 Delivered SGEMP 2000 Met MAIN.C 5000 Destroyed MAIN.C Shell 5000 Zhirov Destroyed MAIN.C 3000 Met Warlord at Command 2000 Met Architect 300 Win 3000 Friendly Fire -155 Cogmind --------- Core Integrity 88/1600 Matter 385/425 Energy 242/340 System Corruption 2% Temperature Cool (12) Movement Flying (16) Location To Epsilon Eridani Parts ------- > --- POWER (2) -------- Graviton Reactor > --- PROPULSION (7) --- Cooled Nuclear Pulse Thruster Cooled Nuclear Pulse Thruster Cooled Field Propulsion Drive Cooled Field Propulsion Drive Experimental Q-thruster Experimental Q-thruster > --- UTILITY (15) ----- Experimental Cooling System Experimental Signal Interpreter Experimental Terrain Scan Processor Experimental Melee Analysis Suite Experimental Melee Analysis Suite Experimental Core Analyzer Improved Armor Integrity Analyzer Femtoactuators > --- WEAPON (2) ------- (None) > --- INVENTORY (7) ---- Cooled Nuclear Pulse Thruster Cooled Nuclear Pulse Thruster Experimental Energy Well (600) Precision Matter Filter Precision Matter Filter Hellfire Missile Launcher Peak State ------------ > --- POWER ------------ Vortex Chain Reactor > --- PROPULSION ------- Biomechanical Wings Biomechanical Wings Biomechanical Wings Improved Diametric Drive Improved Diametric Drive Experimental Q-thruster Experimental Q-thruster > --- UTILITY ---------- Advanced Gravity Neutralizer Advanced Sensor Array Experimental Signal Interpreter Long-range Terrain Scanner Experimental Terrain Scan Processor Experimental Melee Analysis Suite Experimental Melee Analysis Suite Experimental Core Analyzer Improved Armor Integrity Analyzer Experimental Transmission Jammer Experimental Reaction Control System Advanced Phase Shifter Experimental Propulsion Shielding Heavy Regenerative Plating > --- WEAPON ----------- Phasing Sabre > --- INVENTORY -------- Biomechanical Wings Experimental Energy Well Experimental Energy Well Femtoactuators Advanced Force Booster Advanced Reaction Control System High-powered Transdimensional Reconstructor [Rating: 208] Favorites ----------- Power Light Fission Core Engine Light Ion Engine Power Core Light Fission Core Reactor Light Quantum Reactor Propulsion Biomechanical Wings Treads Light Treads Leg Aluminum Leg Wheel Compact Wheel Hover Unit Cooled Antigrav System Flight Unit Biomechanical Wings Utility Hacking Suite Device Advanced Reaction Control System Storage Medium Storage Unit Processor Experimental Melee Analysis Suite Hackware Hacking Suite Protection Experimental Propulsion Shielding Artifact Phase Redirector Weapon Greatsword Energy Gun Heavy Quantum Rifle Energy Cannon Null Cannon Ballistic Gun Light Assault Rifle Ballistic Cannon Linear Accelerator Launcher Grenade Launcher Special Weapon RU-N14's Throwing Claymores Impact Weapon Heavy Flail Slashing Weapon Greatsword Piercing Weapon Heavy Pick Build | -11 -10 -9 -8 -7 -7 -7 -7 -6 -6 -6 -6 -6 -5 -5 -5 -5 -4 -4 -4 -4 -4 -3 -3 -3 -2 -2 -2 -1 -1 -1 ------- Run | Scr Mat Mat Mat Fac Low Low Zio Pro Fac Was Fac Ext Fac Upp Upp War Pro Fac Upp Upp Zhi Pro Res Qua Res Tes Sec Acc Com Ac0 Slots Evolved 18 | . . 2 2 2 . . . . 2 . . . 2 . . . . 2 . . . . 2 . 2 . . 2 . . Power . | . . . . . . . . . . . . . . . . . . . . . . . . . . . . . . . Propulsion 5 | . . . . . . . . . 1 . . . 2 . . . . 1 . . . . 1 . . . . . . . Utility 13 | . . 2 2 2 . . . . 1 . . . . . . . . 1 . . . . 1 . 2 . . 2 . . Weapon . | . . . . . . . . . . . . . . . . . . . . . . . . . . . . . . . Parts Attached 414 | 1 11 27 26 13 . 1 10 . 16 5 18 4 23 . . 15 . 12 . . 6 . 7 29 7 25 37 22 79 20 Power 36 | . 1 3 3 1 . . 1 . 3 . 1 1 3 . . 2 . 1 . . 2 . . 1 . . 5 3 4 1 Engine 4 | . 1 2 . . . . 1 . . . . . . . . . . . . . . . . . . . . . . . Core 20 | . . 1 3 1 . . . . 3 . 1 1 3 . . 2 . 1 . . 1 . . 1 . . 2 . . . Reactor 12 | . . . . . . . . . . . . . . . . . . . . . 1 . . . . . 3 3 4 1 Propulsion 62 | . 4 8 8 3 . . 1 . 4 1 2 . 2 . . 4 . 1 . . . . 2 . . 1 . . 9 12 Treads 18 | . 4 4 8 . . . . . . . . . . . . . . . . . . . . . . . . . 2 . Leg 1 | . . . . . . . . . . . . . . . . . . . . . . . . . . . . . 1 . Wheel 4 | . . 4 . . . . . . . . . . . . . . . . . . . . . . . . . . . . Hover 1 | . . . . . . . . . . . . . . . . 1 . . . . . . . . . . . . . . Flight 38 | . . . . 3 . . 1 . 4 1 2 . 2 . . 3 . 1 . . . . 2 . . 1 . . 6 12 Utility 223 | 1 5 9 8 7 . 1 5 . 4 . 8 . 13 . . 6 . 9 . . 4 . 5 19 7 16 25 17 47 7 Device 139 | 1 1 7 4 . . 1 . . 2 . 2 . 7 . . 4 . 8 . . 3 . 5 15 4 12 22 9 25 7 Storage 8 | . 2 . . 1 . . . . . . . . 1 . . 1 . . . . . . . . . . 1 . 2 . Processor 23 | . . 1 3 1 . . 4 . 1 . . . . . . . . 1 . . . . . . 1 . . 3 8 . Hackware 21 | . . . . 5 . . 1 . 1 . 4 . 1 . . 1 . . . . 1 . . . 2 1 . . 4 . Protection 29 | . 2 1 1 . . . . . . . 2 . 4 . . . . . . . . . . 2 . 3 1 5 8 . Artifact 3 | . . . . . . . . . . . . . . . . . . . . . . . . 2 . . 1 . . . Weapon 93 | . 1 7 7 2 . . 3 . 5 4 7 3 5 . . 3 . 1 . . . . . 9 . 8 7 2 19 . Energy Gun 2 | . . . . . . . . . . . . . . . . . . . . . . . . . . . 1 . 1 . Energy Cannon 6 | . . . . . . . . . . . . . . . . . . . . . . . . . . 1 2 1 2 . Ballistic Gun 16 | . 1 6 6 1 . . . . . . . . . . . . . . . . . . . . . 1 . . 1 . Ballistic Cannon 4 | . . . . . . . . . . . . . . . . . . . . . . . . 2 . 1 . . 1 . Launcher 4 | . . 1 1 . . . . . . . . . . . . 1 . . . . . . . . . 1 . . . . Special Weapon 10 | . . . . . . . 1 . 2 2 1 1 . . . . . . . . . . . 3 . . . . . . Impact Weapon 3 | . . . . 1 . . . . . . 1 . 1 . . . . . . . . . . . . . . . . . Slashing Weapon 44 | . . . . . . . 1 . 3 2 5 1 4 . . 1 . 1 . . . . . 4 . 4 4 1 13 . Piercing Weapon 4 | . . . . . . . 1 . . . . 1 . . . 1 . . . . . . . . . . . . 1 . Special Melee Weapon . | . . . . . . . . . . . . . . . . . . . . . . . . . . . . . . . Unidentified Prototypes 72 | . . . 1 2 . 1 6 . 1 . 1 . 3 . . 8 . 2 . . 3 . 2 5 . 6 10 3 18 . Parts Lost 55 | . 5 5 3 . . . . . 4 . 1 6 1 . . . . 1 . . . . 2 . . . 3 . 9 15 Power 8 | . 2 2 . . . . . . 1 . . 1 . . . . . . . . . . . . . . . . 1 1 Propulsion 9 | . 1 1 2 . . . . . 1 . . . . . . . . . . . . . 1 . . . . . . 3 Utility 30 | . 2 . 1 . . . . . 2 . 1 3 1 . . . . 1 . . . . 1 . . . 2 . 6 10 Weapon 8 | . . 2 . . . . . . . . . 2 . . . . . . . . . . . . . . 1 . 2 1 Highest Loss Streak 11 | . 1 3 1 . . . . . 2 . 1 6 1 . . . . 1 . . . . 1 . . . 2 . 9 11 To Critical Strikes . | . . . . . . . . . . . . . . . . . . . . . . . . . . . . . . . Average Slot Usage (%) 90 | . 96 94 98 91 92 86 84 85 82 87 85 84 88 88 88 92 94 94 95 95 95 95 95 94 91 94 94 95 81 80 Engine 2 | . 12 7 1 . . . . 7 . . . . 6 . . . . . . . . . . . . . . . . . Core 4 | . . 2 7 7 7 7 6 . 4 6 6 5 3 5 5 9 11 10 10 10 10 10 9 8 8 8 7 . . . Treads 5 | . 27 9 18 . . . . . . . . . . . . . . . . . . . . . . . . . . . Flight 17 | . . . . 15 15 14 14 14 16 18 17 18 25 27 27 27 27 30 30 30 30 30 31 31 29 28 29 26 25 25 Device 12 | . 1 20 15 7 7 6 7 7 6 6 10 5 10 11 11 6 5 16 20 20 20 20 22 17 16 18 19 18 17 19 Storage 5 | . 14 11 9 . . . . . . . . . . 5 5 5 5 5 5 5 5 5 4 4 4 4 4 3 1 . Processor 12 | . . 5 22 15 15 14 18 21 24 25 12 12 11 11 11 11 11 7 5 5 5 5 4 4 4 8 8 13 20 23 Hackware 10 | . . . . 36 38 35 30 28 23 25 25 30 18 16 16 20 22 16 15 15 15 15 13 13 16 13 12 11 1 . Protection 5 | . 11 2 5 . . . . . . . 5 6 6 5 5 5 5 5 5 5 5 5 4 8 8 7 7 8 3 3 Ballistic Gun 7 | . 28 21 17 . . . . . . . . . . . . . . . . . . . . . . . . . . . Slashing Weapon 2 | . . . . . . . . 7 5 5 5 4 4 5 5 4 5 4 5 5 5 5 4 3 4 3 3 1 2 2 Naked Turns . | . . . . . . . . . . . . . . . . . . . . . . . . . . . . . . . Heaviest Build 71 | 12 49 56 60 10 10 10 10 10 14 13 19 14 31 30 30 32 31 38 38 38 38 38 43 54 44 44 60 69 71 70 Greatest Support 70 | 20 46 46 46 10 10 10 10 12 17 20 20 18 31 31 31 32 32 38 38 38 38 38 44 44 44 44 70 70 70 70 Greatest Overweight (x) 1 | . 1 1 1 . . . . . 1 . . . . . . 1 . . . . . . 1 1 . . . . 1 . Average Overweight (x) . | . . 1 1 . . . . . . . . . . . . . . . . . . . . . . . . . . . Largest Inventory Capacity 20 | 8 20 20 20 20 5 5 5 5 5 5 5 5 10 10 10 10 10 10 10 10 10 10 10 10 10 10 12 12 12 7 Average Capacity 11 | 8 18 20 20 5 5 5 5 5 5 5 5 5 5 10 10 10 10 10 10 10 10 10 10 10 10 10 10 12 7 7 Most Carried 20 | 7 20 20 20 20 5 5 5 5 5 5 5 5 9 9 9 10 10 10 10 10 10 10 10 10 10 10 12 12 12 7 Average Carried 10 | 6 15 18 19 5 5 5 4 4 4 4 4 4 4 9 9 9 10 9 10 10 9 10 9 9 9 9 10 9 5 6 Final Capacity 20 | 8 20 20 20 5 5 5 5 5 5 5 5 5 10 10 10 10 10 10 10 10 10 10 10 10 10 10 12 12 7 7 Final Carried 20 | 7 20 20 20 5 5 5 5 5 5 5 5 3 9 9 9 10 10 10 10 10 10 10 10 10 10 10 10 11 6 6 Class Distribution -------------------- 34% | Hacker-Sprinter 19% | Mutant 14% | Hacker-Scout 11% | Scavenger-Mutant 5% | Scavenger-Sprinter 4% | Scavenger-Ninja Dominant Class ---------------- Mutant | -10/Materials Mutant | -9/Materials Scavenger-Mutant | -8/Materials Hacker-Scout | -7/Factory Hacker-Scout | -7/Lower Caves Hacker-Scout | -7/Lower Caves Hacker-Scout | -7/Zion Hacker-Scout | -6/Proximity Caves Hacker-Scout | -6/Factory Hacker-Scout | -6/Waste Hacker-Scout | -6/Factory Wizard-Mutant | -6/Extension Hacker-Sprinter | -5/Factory Hacker-Sprinter | -5/Upper Caves Hacker-Sprinter | -5/Upper Caves Hacker-Sprinter | -5/Warlord Hacker-Sprinter | -4/Proximity Caves Hacker-Sprinter | -4/Factory Hacker-Sprinter | -4/Upper Caves Hacker-Sprinter | -4/Upper Caves Hacker-Sprinter | -4/Zhirov Hacker-Sprinter | -3/Proximity Caves Hacker-Sprinter | -3/Research Hacker-Sprinter | -3/Quarantine Wizard-Sprinter | -2/Research Hacker-Sprinter | -2/Testing Hacker-Sprinter | -2/Section 7 Hacker-Sprinter | -1/Access Scavenger-Sprinter | -1/Command Scavenger-Ninja | -1/Access_0 Resources | -11 -10 -9 -8 -7 -7 -7 -7 -6 -6 -6 -6 -6 -5 -5 -5 -5 -4 -4 -4 -4 -4 -3 -3 -3 -2 -2 -2 -1 -1 -1 ----------- Run | Scr Mat Mat Mat Fac Low Low Zio Pro Fac Was Fac Ext Fac Upp Upp War Pro Fac Upp Upp Zhi Pro Res Qua Res Tes Sec Acc Com Ac0 Matter Collected 5446 | 266 497 676 859 130 . . 120 . 116 . 351 17 192 47 . 150 . 81 . 34 70 . 77 250 . 269 585 280 379 . Remotely . | . . . . . . . . . . . . . . . . . . . . . . . . . . . . . . . Salvage Created 11832 | 125 957 1252 1341 190 . . . . 261 . 801 . 180 13 . . . 164 . . 107 . 197 244 . 251 876 394 4479 . Parts 564 | 8 52 83 101 2 . . . . 14 . 31 . 12 1 . . . 6 . . . . 16 19 . 18 37 10 154 . Haulers Intercepted 13 | . 2 2 4 2 . . . . 1 . . . . . . . . 1 . . . . . . . . . 1 . . Recyclers Shooed 8 | 1 . 4 1 . . . . . . . 2 . . . . . . . . . . . . . . . . . . . Parts Field Recycled . | . . . . . . . . . . . . . . . . . . . . . . . . . . . . . . . Retrieved Matter . | . . . . . . . . . . . . . . . . . . . . . . . . . . . . . . . Parts Self-Destructed 103 | . . . . . 3 . 1 . . . . . . . 2 88 4 . 5 . . . . . . . . . . . Prevented 3 | . . . . . 1 . . . . . . . . . . 2 . . . . . . . . . . . . . . Kills | -11 -10 -9 -8 -7 -7 -7 -7 -6 -6 -6 -6 -6 -5 -5 -5 -5 -4 -4 -4 -4 -4 -3 -3 -3 -2 -2 -2 -1 -1 -1 ------- Run | Scr Mat Mat Mat Fac Low Low Zio Pro Fac Was Fac Ext Fac Upp Upp War Pro Fac Upp Upp Zhi Pro Res Qua Res Tes Sec Acc Com Ac0 Combat Hostiles Destroyed 86 | . 16 21 19 . . . . . 4 . 2 . 1 . . . . 1 . . . . . 9 . . 7 2 4 . Melee 17 | . . . . . . . . . 1 . . . 1 . . . . 1 . . . . . 1 . . 7 2 4 . Guns 49 | . 16 17 16 . . . . . . . . . . . . . . . . . . . . . . . . . . . Cannons 4 | . . . . . . . . . . . 1 . . . . . . . . . . . . 3 . . . . . . AOE 16 | . . 4 3 . . . . . 3 . 1 . . . . . . . . . . . . 5 . . . . . . Classes Destroyed 17 | 2 4 6 1 . . . . . 1 . . . 1 . . . . . . . . . . . . 1 . . 1 . Worker 8 | . . 1 2 . . . . . . . 1 . 2 . . . . . . . . . . . . . . . 2 . Builder 7 | . . 1 1 1 . . . . . . 1 . 1 . . . . . . . . . . . . 2 . . . . Tunneler 4 | 2 . . . . . . . . . . . . 2 . . . . . . . . . . . . . . . . . Hauler 13 | . 2 2 4 2 . . . . 1 . . . . . . . . 1 . . . . . . . . . 1 . . Recycler 15 | 1 1 2 4 1 . . . . . . 4 . . . . . . . . . . . . . . . 2 . . . Mechanic 1 | . . 1 . . . . . . . . . . . . . . . . . . . . . . . . . . . . Operator 11 | . 4 2 1 . . . . . . . 1 . . 1 . . . . . . . . . . . 1 . . 1 . Drone 1 | . . . . . . . . . . . . . 1 . . . . . . . . . . . . . . . . . Watcher 30 | . 1 2 5 1 . . . . 1 . 4 . 2 . . . . . . . . . 5 2 . 1 1 3 2 . Swarmer 25 | . . 4 10 . . . . . 2 . . . . . . . . . . . . . . 9 . . . . . . Grunt 33 | . 16 11 3 . . . . . 1 . . . . . . . . 1 . . . . . . . . 1 . . . Duelist 2 | . . 2 . . . . . . . . . . . . . . . . . . . . . . . . . . . . Researcher 2 | . . . . . . . . . . . . . . . . . . . . . . . . . . 2 . . . . Sentry 18 | . . 4 5 . . . . . . . 2 . . . . . . . . . . . . . . . 3 2 2 . Hunter 1 | . . . 1 . . . . . . . . . . . . . . . . . . . . . . . . . . . Programmer 4 | . . . . . . . . . 1 . . . . . . . . . . . . . . . . . 3 . . . Executioner 1 | . . . . . . . . . . . . . . . . . . . . . . . . . . . . . 1 . Best Kill Streak 8 | 2 4 8 8 1 . . . . 3 . 4 . 4 . . . . 1 . . . . 2 6 . 3 3 2 3 . Combat Bots Only 6 | . 4 6 4 . . . . . 3 . 2 . 1 . . . . 1 . . . . . 6 . . 3 1 2 . Max Kills in Single Turn 4 | 1 1 3 4 1 . . . . 2 . 2 . 1 1 . . . 1 . . . . 1 2 . 1 1 1 1 . Gunslinging 1 | . . . 1 . . . . . . . . . . . . . . . . . . . . . . . . . . . Exploded 3 | . . 3 3 . . . . . 2 . 1 . . . . . . . . . . . . 2 . . . . . . Melee 1 | . . . . . . . . . 1 . . . 1 . . . . 1 . . . . . 1 . . 1 1 1 . Uniques/NPCs Destroyed 1 | . . . . . . . . . . . . . . . . . . . . . . . . . . . . . 1 . MAIN.C Shell (-1/Command) Combat | -11 -10 -9 -8 -7 -7 -7 -7 -6 -6 -6 -6 -6 -5 -5 -5 -5 -4 -4 -4 -4 -4 -3 -3 -3 -2 -2 -2 -1 -1 -1 -------- Run | Scr Mat Mat Mat Fac Low Low Zio Pro Fac Was Fac Ext Fac Upp Upp War Pro Fac Upp Upp Zhi Pro Res Qua Res Tes Sec Acc Com Ac0 Damage Taken 11908 | . 956 1047 639 28 . . . 87 348 43 298 993 68 . 44 43 28 122 52 . . . 17 91 64 197 1498 461 1930 2854 Core 2937 | . 203 319 69 5 . . . 37 67 . 89 628 . . . . . 17 22 . . . . 44 . . 150 50 404 833 Absorbed by Shields 88 | . . . . . . . . . . . . 45 17 . 16 . . 4 . . . . 6 . . . . . . . Redirected to Shielding 1060 | . . . . . . . . . . . 14 44 . . . . . 32 . . . . 15 19 . 71 191 22 496 156 Regen/Repaired (Parts) 2047 | . 122 . . . . . . . 122 . 154 . 58 . . . . 103 . . . . . 100 . 191 745 97 270 85 Core Remaining (%) 64 | 100 18 20 87 . . . . 94 . . . 7 . . . . 100 . . . . 96 . 96 . . 84 . . 5 Volleys Fired 332 | 14 104 104 78 . . . . . 2 3 6 . . . . . . . . . . . . 10 . . 3 3 5 . Largest 2 | 2 2 2 2 . . . . . 1 1 1 . . . . . . . . . . . . 1 . . 1 1 1 . Hottest 130 | 40 40 46 51 . . . . . 5 . . . . . . . . . . . . . . 66 . . 130 130 130 . Shots Fired 628 | 28 208 205 155 . . . . . 2 3 6 . . . . . . . . . . . . 10 . . 3 3 5 . Gun 592 | 28 208 202 154 . . . . . . . . . . . . . . . . . . . . . . . . . . . Cannon 15 | . . . . . . . . . . . . . . . . . . . . . . . . 4 . . 3 3 5 . Launcher 4 | . . 3 1 . . . . . . . . . . . . . . . . . . . . . . . . . . . Special 17 | . . . . . . . . . 2 3 6 . . . . . . . . . . . . 6 . . . . . . Kinetic 596 | 28 208 202 154 . . . . . . . . . . . . . . . . . . . . 4 . . . . . . Thermal 11 | . . . . . . . . . . . . . . . . . . . . . . . . . . . 3 3 5 . Explosive 20 | . . 3 1 . . . . . 1 3 6 . . . . . . . . . . . . 6 . . . . . . Electromagnetic . | . . . . . . . . . . . . . . . . . . . . . . . . . . . . . . . Robot Hit Streak 19 | 4 15 19 13 . . . . . 10 . 16 . . . . . . . . . . . . 3 . . . 4 . . Robot Miss Streak 5 | 3 5 4 2 . . . . . . . . . . . . . . . . . . . . 1 . . . . . . Penetration Max 1 | . . . 1 . . . . . . . . . . . . . . . . . . . . . . . . . . . Secondary Targets 7 | . 2 1 4 . . . . . . . . . . . . . . . . . . . . . . . . . . . Max Gunslinging Chain 1 | . 1 1 1 . . . . . . . . . . . . . . . . . . . . . . . . . . . Shots Hit Robots 678 | 16 137 140 109 6 . . . . 9 . 20 3 13 1 . 1 . 9 . . 1 1 6 11 . 6 20 15 125 29 Core Hits 291 | 5 51 60 55 . . . . . 9 . 15 1 4 . . . . 3 . . 1 . 5 11 . 3 7 4 52 5 Critical Kills 2 | . . . 2 . . . . . . . . . . . . . . . . . . . . . . . . . . . Critical Parts Destroyed 2 | . 1 . . 1 . . . . . . . . . . . . . . . . . . . . . . . . . . Critical Strikes 16 | . 1 . 2 1 . . . . . . 1 1 . . . . . 1 . . . . . . . . . 1 8 . Destroy 3 | . 1 . 2 . . . . . . . . . . . . . . . . . . . . . . . . . . . Smash 1 | . . . . 1 . . . . . . . . . . . . . . . . . . . . . . . . . . Sever 4 | . . . . . . . . . . . 1 . . . . . . 1 . . . . . . . . . 1 1 . Impale 8 | . . . . . . . . . . . . 1 . . . . . . . . . . . . . . . . 7 . Melee Attacks 682 | . . . . 21 . 2 1 10 28 . 62 7 46 14 23 19 13 45 . . 1 16 18 27 4 17 73 28 164 43 Impact 24 | . . . . 21 . 2 1 . . . . . . . . . . . . . . . . . . . . . . . Slashing 572 | . . . . . . . . 10 28 . 62 . 46 14 23 19 13 45 . . 1 16 18 27 4 17 73 28 85 43 Piercing 86 | . . . . . . . . . . . . 7 . . . . . . . . . . . . . . . . 79 . Sneak Attacks 40 | . . . . 4 . . . . 2 . 7 . 6 1 . . . 1 . . . 1 . 1 . 5 3 2 7 . Combat Hostiles 7 | . . . . . . . . . 1 . . . . . . . . . . . . . . 1 . . 1 1 3 . Follow-up Attacks . | . . . . . . . . . . . . . . . . . . . . . . . . . . . . . . . Damage Inflicted 34637 | 160 1495 2037 1908 651 . . . . 932 . 1785 122 1100 135 . 48 . 599 . . 113 125 432 1777 . 1048 2235 1614 14808 1513 Guns 5223 | 160 1491 1812 1760 . . . . . . . . . . . . . . . . . . . . . . . . . . . Cannons 89 | . . . . . . . . . . . . . . . . . . . . . . . . . . . . 89 . . Explosions 1971 | . . 222 148 . . . . . 365 . 359 . . . . . . . . . . . . 877 . . . . . . Melee 26915 | . . . . 651 . . . . 523 . 1191 122 1100 135 . 48 . 599 . . 113 125 432 747 . 1048 2235 1525 14808 1513 Ramming 7 | . 4 3 . . . . . . . . . . . . . . . . . . . . . . . . . . . . Kinetic 5223 | 160 1491 1812 1760 . . . . . . . . . . . . . . . . . . . . . . . . . . . Thermal 89 | . . . . . . . . . . . . . . . . . . . . . . . . . . . . 89 . . Explosive 1875 | . . 222 148 . . . . . 269 . 359 . . . . . . . . . . . . 877 . . . . . . Electromagnetic 96 | . . . . . . . . . 96 . . . . . . . . . . . . . . . . . . . . . Impact 651 | . . . . 651 . . . . . . . . . . . . . . . . . . . . . . . . . . Slashing 18994 | . . . . . . . . . 567 . 1426 . 1100 135 . 48 . 599 . . 113 125 432 900 . 1048 2235 1525 7228 1513 Piercing 7702 | . . . . . . . . . . . . 122 . . . . . . . . . . . . . . . . 7580 . Highest Corruption 6 | . . . . . . . . . 6 6 6 6 . . . . . . . . . . 2 . . . 1 2 6 2 Average Corruption 3 | . . . . . . . . . 6 6 6 6 . . . . . . . . . . 1 . . . 1 1 3 1 Corruption Purged 8 | . . . . . . . . . . . . . . . . . . . . . . . 2 . . . . . 6 . Corruption Blocked 3 | . . . . . . . . . . . . . . . . . . . . . . . . . . . . . 3 . Effects 71 | . . . . . . . . . 3 4 32 4 . . . . . . . . . . 2 . . . 2 7 13 4 Message Errors 19 | . . . . . . . . . 3 1 7 1 . . . . . . . . . . . . . . . 2 3 2 Matter Fused 19 | . . . . . . . . . . 1 11 2 . . . . . . . . . . 1 . . . . 1 3 . Heat Flow Errors 10 | . . . . . . . . . . . 5 . . . . . . . . . . . . . . . . 2 2 1 Energy Discharges 10 | . . . . . . . . . . . 5 1 . . . . . . . . . . . . . . 1 2 1 . Data Loss (minor) 9 | . . . . . . . . . . 1 2 . . . . . . . . . . . 1 . . . . . 4 1 Data Loss (major) 2 | . . . . . . . . . . 1 1 . . . . . . . . . . . . . . . . . . . Alerts 2 | . . . . . . . . . . . 1 . . . . . . . . . . . . . . . 1 . . . Overload Shots . | . . . . . . . . . . . . . . . . . . . . . . . . . . . . . . . Overflow Damage 4226 | . . . . 484 . . . . 138 . 203 . 508 105 . . . 9 . . . 85 6 283 . 368 368 280 1374 15 Projectiles 3 | . . . . . . . . . . . 3 . . . . . . . . . . . . . . . . . . . Explosions 125 | . . . . . . . . . 38 . . . . . . . . . . . . . . 87 . . . . . . Melee 4098 | . . . . 484 . . . . 100 . 200 . 508 105 . . . 9 . . . 85 6 196 . 368 368 280 1374 15 Knockbacks 1 | . . . . 1 . . . . . . . . . . . . . . . . . . . . . . . . . . Impact 1 | . . . . 1 . . . . . . . . . . . . . . . . . . . . . . . . . . Kinetic . | . . . . . . . . . . . . . . . . . . . . . . . . . . . . . . . Secondary . | . . . . . . . . . . . . . . . . . . . . . . . . . . . . . . . Self-Inflicted Damage 6 | . . 6 . . . . . . . . . . . . . . . . . . . . . . . . . . . . Shots 1 | . . 1 . . . . . . . . . . . . . . . . . . . . . . . . . . . . Rammed 6 | . 4 2 . . . . . . . . . . . . . . . . . . . . . . . . . . . . Targets Rammed 6 | . 4 2 . . . . . . . . . . . . . . . . . . . . . . . . . . . . Kicked . | . . . . . . . . . . . . . . . . . . . . . . . . . . . . . . . Crushed . | . . . . . . . . . . . . . . . . . . . . . . . . . . . . . . . Highest Temperature 223 | . 44 6 15 . . . . . . . 223 . . . . . . 7 . . . . . 72 . . 152 178 178 158 Average Temperature 34 | . 8 3 6 . . . . . . . 98 . . . . . . 7 . . . . . 36 . . 71 66 88 70 Received Heat Transfer 1773 | . 540 252 153 6 . . . 9 . . 42 120 6 . . . . 42 . . . . . . 27 9 36 36 72 423 Effects 2 | . . . . . . . . . . . 2 . . . . . . . . . . . . . . . . . . . Interference 2 | . . . . . . . . . . . 2 . . . . . . . . . . . . . . . . . . . Siege Activations . | . . . . . . . . . . . . . . . . . . . . . . . . . . . . . . . Robots Corrupted . | . . . . . . . . . . . . . . . . . . . . . . . . . . . . . . . Combat Hostiles . | . . . . . . . . . . . . . . . . . . . . . . . . . . . . . . . Parts Fried 6 | . . . . 6 . . . . . . . . . . . . . . . . . . . . . . . . . . Impact Corruptions 10 | . . . . 10 . . . . . . . . . . . . . . . . . . . . . . . . . . Robots Melted . | . . . . . . . . . . . . . . . . . . . . . . . . . . . . . . . Combat Hostiles . | . . . . . . . . . . . . . . . . . . . . . . . . . . . . . . . Parts Melted . | . . . . . . . . . . . . . . . . . . . . . . . . . . . . . . . Heat Transferred 50 | . . . . . . . . . . . . . . . . . . . . . . . . . . . . 50 . . Parts Sabotaged . | . . . . . . . . . . . . . . . . . . . . . . . . . . . . . . . Parts Stolen . | . . . . . . . . . . . . . . . . . . . . . . . . . . . . . . . Parts Stripped . | . . . . . . . . . . . . . . . . . . . . . . . . . . . . . . . Power Chain Reactions . | . . . . . . . . . . . . . . . . . . . . . . . . . . . . . . . Missiles Intercepted . | . . . . . . . . . . . . . . . . . . . . . . . . . . . . . . . Alert | -11 -10 -9 -8 -7 -7 -7 -7 -6 -6 -6 -6 -6 -5 -5 -5 -5 -4 -4 -4 -4 -4 -3 -3 -3 -2 -2 -2 -1 -1 -1 ------- Run | Scr Mat Mat Mat Fac Low Low Zio Pro Fac Was Fac Ext Fac Upp Upp War Pro Fac Upp Upp Zhi Pro Res Qua Res Tes Sec Acc Com Ac0 Peak Influence 508 | 15 186 343 411 163 . . . . 349 78 324 209 242 . . . . 376 . . . . 288 484 187 398 508 495 207 . Initial 247 | . 9 25 144 2 . . . . 37 64 15 158 77 . . . . 46 . . . . . 162 66 105 178 247 30 . Average 160 | 6 52 167 159 47 . . . . 208 26 132 194 81 . . . . 196 . . . . 132 279 115 248 323 341 123 . Maximum Alert Level 2 | . . 1 2 . . . . . 1 . 1 1 1 . . . . 1 . . . . 1 2 . 1 2 2 1 . Low Security (%) 68 | 100 100 63 70 100 . . . . 46 100 73 27 93 . . . . 45 . . . . 67 14 100 13 6 2 99 . Level 1 29 | . . 36 29 . . . . . 53 . 26 72 6 . . . . 54 . . . . 32 78 . 86 78 71 . . Level 2 2 | . . . . . . . . . . . . . . . . . . . . . . . . 6 . . 14 26 . . Level 3 . | . . . . . . . . . . . . . . . . . . . . . . . . . . . . . . . Level 4 . | . . . . . . . . . . . . . . . . . . . . . . . . . . . . . . . Level 5 . | . . . . . . . . . . . . . . . . . . . . . . . . . . . . . . . High Security . | . . . . . . . . . . . . . . . . . . . . . . . . . . . . . . . Max Security . | . . . . . . . . . . . . . . . . . . . . . . . . . . . . . . . Squads Dispatched 61 | . 5 3 1 3 . . . . 4 . 5 . 7 . 1 . . 7 . . . . 3 1 1 3 6 9 2 . Investigation 25 | . 2 1 1 1 . . . . . . 3 . 5 . . . . 3 . . . . 2 . 1 2 . 3 1 . Extermination 8 | . . . . . . . . . 1 . 1 . . . . . . 2 . . . . . 1 . 1 1 . 1 . Reinforcement 27 | . 3 2 . 2 . . . . 3 . 1 . 2 . . . . 2 . . . . 1 . . . 5 6 . . Assault 1 | . . . . . . . . . . . . . . . 1 . . . . . . . . . . . . . . . Garrison . | . . . . . . . . . . . . . . . . . . . . . . . . . . . . . . . Intercept . | . . . . . . . . . . . . . . . . . . . . . . . . . . . . . . . Searches Triggered 2 | . . . . . . . . . . . . . . . . . . . . . . . . . . . 1 1 . . Construction Impeded 1 | . . . . . . . . . . . . . 1 . . . . . . . . . . . . . . . . . Haulers Reinforced 2 | . . . . . . . . . 1 . . . . . . . . 1 . . . . . . . . . . . . Active Scanning Responses . | . . . . . . . . . . . . . . . . . . . . . . . . . . . . . . . Cargo Convoy Interrupts . | . . . . . . . . . . . . . . . . . . . . . . . . . . . . . . . Stealth | -11 -10 -9 -8 -7 -7 -7 -7 -6 -6 -6 -6 -6 -5 -5 -5 -5 -4 -4 -4 -4 -4 -3 -3 -3 -2 -2 -2 -1 -1 -1 --------- Run | Scr Mat Mat Mat Fac Low Low Zio Pro Fac Was Fac Ext Fac Upp Upp War Pro Fac Upp Upp Zhi Pro Res Qua Res Tes Sec Acc Com Ac0 Distress Signals 26 | . 1 3 4 2 . . . . . . 2 . 1 . . . 1 2 . . . . . . . . 4 2 4 . Communications Jammed 33 | . . . . . . . . . . . . . 6 . . . . 5 . . . . . . . 6 16 . . . Distress Signals 27 | . . . . . . . . . . . . . . . . . . 5 . . . . . . . 6 16 . . . Times Spotted 597 | . 45 34 42 7 2 . . 5 15 12 43 6 10 . 4 12 13 28 6 . . 1 13 18 9 12 106 69 49 36 Peak Tracking Total 13 | . 5 5 6 4 2 . . 4 4 6 9 6 4 . 12 7 10 13 6 . . 1 4 5 7 6 10 12 6 9 Tactical Retreats 49 | . 1 . . 2 1 . . 3 2 2 13 1 3 . 4 . 1 6 2 . . . 2 1 1 4 . . . . Traps | -11 -10 -9 -8 -7 -7 -7 -7 -6 -6 -6 -6 -6 -5 -5 -5 -5 -4 -4 -4 -4 -4 -3 -3 -3 -2 -2 -2 -1 -1 -1 ------- Run | Scr Mat Mat Mat Fac Low Low Zio Pro Fac Was Fac Ext Fac Upp Upp War Pro Fac Upp Upp Zhi Pro Res Qua Res Tes Sec Acc Com Ac0 Traps Triggered 16 | . 1 1 2 2 . . . . 3 . 1 1 . . . . . . . . . . 1 . . . . . 4 . Indirectly . | . . . . . . . . . . . . . . . . . . . . . . . . . . . . . . . Trap Hack Attempts . | . . . . . . . . . . . . . . . . . . . . . . . . . . . . . . . Triggered . | . . . . . . . . . . . . . . . . . . . . . . . . . . . . . . . Disarmed . | . . . . . . . . . . . . . . . . . . . . . . . . . . . . . . . Reprogrammed . | . . . . . . . . . . . . . . . . . . . . . . . . . . . . . . . Reused . | . . . . . . . . . . . . . . . . . . . . . . . . . . . . . . . Traps Extracted . | . . . . . . . . . . . . . . . . . . . . . . . . . . . . . . . Installed . | . . . . . . . . . . . . . . . . . . . . . . . . . . . . . . . Triggered 10 | . . . . . 2 . . . . . . . . . . 8 . . . . . . . . . . . . . . Machines | -11 -10 -9 -8 -7 -7 -7 -7 -6 -6 -6 -6 -6 -5 -5 -5 -5 -4 -4 -4 -4 -4 -3 -3 -3 -2 -2 -2 -1 -1 -1 ---------- Run | Scr Mat Mat Mat Fac Low Low Zio Pro Fac Was Fac Ext Fac Upp Upp War Pro Fac Upp Upp Zhi Pro Res Qua Res Tes Sec Acc Com Ac0 Machines Disabled 51 | . 1 . . . . . . . 5 . 9 . . . . . . . . . . . . 7 . 6 13 . 3 7 Max in Single Turn 3 | . 1 . . . . . . . 3 . 1 . . . . . . . . . . . . 1 . 1 1 . 1 1 Garrison Access 12 | . . . 1 . . . . . 1 . 2 . 2 . . . . . . . . . . 1 1 . 1 3 . . Phase Generator 1 | . . . . . . . . . . . . . . . . . . . . . . . . . . . . . 1 . Machines Sabotaged . | . . . . . . . . . . . . . . . . . . . . . . . . . . . . . . . Garrisons Compromised . | . . . . . . . . . . . . . . . . . . . . . . . . . . . . . . . Overloaded Fab Kills . | . . . . . . . . . . . . . . . . . . . . . . . . . . . . . . . Hacking | -11 -10 -9 -8 -7 -7 -7 -7 -6 -6 -6 -6 -6 -5 -5 -5 -5 -4 -4 -4 -4 -4 -3 -3 -3 -2 -2 -2 -1 -1 -1 --------- Run | Scr Mat Mat Mat Fac Low Low Zio Pro Fac Was Fac Ext Fac Upp Upp War Pro Fac Upp Upp Zhi Pro Res Qua Res Tes Sec Acc Com Ac0 Machines Accessed 175 | . 5 5 9 9 . 1 . . 12 . 25 1 13 1 . 3 1 9 . 1 5 . 6 15 4 13 11 14 11 1 Terminals 101 | . 4 3 7 5 . . . . 7 . 12 1 6 . . . 1 4 . . . . 4 11 2 9 8 7 10 . Fabricators 20 | . . . . 3 . . . . 2 . 5 . 3 . . . . 2 . . . . 1 . 1 1 . 2 . . Repair Stations 15 | . 1 . . 1 . . . . 1 . 2 . 2 . . . . 1 . . . . . 2 . 1 1 2 1 . Recycling Units 7 | . . 1 . . . . . . . . 4 . . . . . . 1 . . . . 1 . . . . . . . Scanalyzers 8 | . . 1 1 . . . . . 1 . . . . . . . . 1 . . . . . 1 . 2 1 . . . Garrison Access 12 | . . . 1 . . . . . 1 . 2 . 2 . . . . . . . . . . 1 1 . 1 3 . . Total Hacks 456 | . 17 16 28 24 . 1 . . 33 . 69 2 42 1 . 4 1 32 . 1 18 . 15 32 9 30 24 28 25 4 Successful 325 | . 10 10 19 20 . 1 . . 27 . 47 1 28 1 . 4 1 25 . 1 18 . 8 25 8 19 17 16 15 4 Failed 129 | . 7 6 8 3 . . . . 6 . 22 1 14 . . . . 7 . . . . 7 7 1 11 7 12 10 . Catastrophic 4 | . . . . . . . . . . . 1 . . . . . . 1 . . . . . 1 . . . 1 . . Database Lockouts 2 | . . . 1 1 . . . . . . . . . . . . . . . . . . . . . . . . . . Manual 189 | . 12 9 15 20 . . . . 12 . 29 . 14 . . . . 15 . . . . 7 16 3 6 10 10 11 . Terminals 279 | . 15 12 22 17 . . . . 21 . 35 2 27 . . . 1 16 . . . . 10 25 5 18 18 13 22 . Fabricators 52 | . . . . 6 . . . . 4 . 14 . 7 . . . . 6 . . . . 3 . 3 4 . 5 . . Repair Stations 35 | . 2 . . 1 . . . . 2 . 5 . 5 . . . . 2 . . . . . 4 . 2 3 6 3 . Recycling Units 22 | . . 2 . . . . . . . . 13 . . . . . . 5 . . . . 2 . . . . . . . Scanalyzers 24 | . . 2 5 . . . . . 4 . . . . . . . . 3 . . . . . 2 . 6 2 . . . Garrison Access 15 | . . . 1 . . . . . 2 . 2 . 3 . . . . . . . . . . 1 1 . 1 4 . . Terminal Hacks 167 | . 6 5 10 13 . 1 . . 14 . 13 1 13 1 . 4 1 8 . 1 18 . 2 14 3 8 11 6 10 4 Record 12 | . . . . 1 . . . . . . . . . . . 3 . . . . 6 . . 2 . . . . . . Part Schematic 22 | . . 1 1 3 . . . . 3 . 1 . 3 . . . . 1 . . 4 . . 2 1 2 . . . . Robot Schematic 3 | . 1 . . 2 . . . . . . . . . . . . . . . . . . . . . . . . . . Robot Analysis 12 | . 4 1 . . . . . . . . 2 . . . . . . . . . 4 . . . . . . . 1 . Prototype ID Bank 11 | . 1 1 2 . . . . . 2 . 1 . . . . . . . . . 4 . . . . . . . . . Open Door 12 | . . . . . . 1 . . . . . 1 . 1 . 1 1 . . 1 . . . . . 1 1 3 1 . Level Access Points 2 | . . . . . . . . . . . . . . . . . . . . . . . . . . . 1 . 1 . Branch Access Points 7 | . . . . 1 . . . . 1 . . . 1 . . . . 2 . . . . 1 . 1 . . . . . Emergency Access Points 1 | . . . . . . . . . . . . . 1 . . . . . . . . . . . . . . . . . Machine Index 8 | . . . . . . . . . 1 . . . 1 . . . . 1 . . . . . 1 1 1 1 . 1 . Terminal Index 4 | . . 1 1 . . . . . . . . . . . . . . . . . . . . 1 . . 1 . . . Fabricator Index 1 | . . . . . . . . . . . 1 . . . . . . . . . . . . . . . . . . . Alert Level 6 | . . . 2 . . . . . . . 1 . 1 . . . . . . . . . . . . . 2 . . . Unreport Threat 18 | . . . 2 1 . . . . . . 3 . 1 . . . . . . . . . . 3 . . 2 3 3 . Locate Traps 7 | . . . . . . . . . 3 . 1 . . . . . . . . . . . . 2 . . . . 1 . Maintenance Status 2 | . . . . . . . . . . . . . . . . . . 1 . . . . . . . 1 . . . . Security Status 2 | . . 1 . . . . . . . . . . 1 . . . . . . . . . . . . . . . . . Patrol Status 2 | . . . . 1 . . . . . . . . 1 . . . . . . . . . . . . . . . . . Recall Investigation 4 | . . . . . . . . . . . 2 . 1 . . . . . . . . . . . . 1 . . . . Recall Extermination 3 | . . . . . . . . . 1 . . . . . . . . 1 . . . . . 1 . . . . . . Recall Reinforcements 2 | . . . . 1 . . . . 1 . . . . . . . . . . . . . . . . . . . . . Hauler Manifests 11 | . . . 2 2 . . . . 1 . 1 . 1 . . . . 1 . . . . . 1 . 1 1 . . . Registered Components 2 | . . . . . . . . . 1 . . . . . . . . 1 . . . . . . . . . . . . Zone Layout 7 | . . . . 1 . . . . . . . . 1 . . . . . . . . . 1 1 . 1 2 . . . Disengage Seal 2 | . . . . . . . . . . . . . . . . . . . . . . . . . . . . . 2 . Gate Test 138-B 1 | . . . . . . . . . . . . . . . . . . . . . . . . . . . . . . 1 Gate Test 138-C 1 | . . . . . . . . . . . . . . . . . . . . . . . . . . . . . . 1 Gate Test 138-END 1 | . . . . . . . . . . . . . . . . . . . . . . . . . . . . . . 1 Fabricator Hacks 28 | . . . . . . . . . . . 7 . 6 . . . . 3 . . . . 2 . 2 3 . 4 . 1 Network Status 3 | . . . . . . . . . . . 1 . . . . . . 1 . . . . . . . 1 . . . . Load Schematic 12 | . . . . . . . . . . . 3 . 3 . . . . 1 . . . . 1 . 1 1 . 2 . . Build 12 | . . . . . . . . . . . 3 . 3 . . . . 1 . . . . 1 . 1 1 . 2 . . Repair Station Hacks 26 | . 2 . . . . . . . 2 . 4 . 3 . . . . 2 . . . . . 4 . 2 2 3 2 . Scan Component 13 | . 1 . . . . . . . 1 . 2 . 1 . . . . 1 . . . . . 2 . 1 1 2 1 . Repair 12 | . 1 . . . . . . . 1 . 2 . 1 . . . . 1 . . . . . 2 . 1 1 1 1 . Refit 1 | . . . . . . . . . . . . . 1 . . . . . . . . . . . . . . . . . Recycling Unit Hacks 7 | . . 1 . . . . . . . . 4 . . . . . . 1 . . . . 1 . . . . . . . Retrieve Components 7 | . . 1 . . . . . . . . 4 . . . . . . 1 . . . . 1 . . . . . . . Scanalyzer 23 | . . 2 5 . . . . . 4 . . . . . . . . 3 . . . . . 2 . 6 1 . . . Insert Component 11 | . . 1 2 . . . . . 1 . . . . . . . . 1 . . . . . 2 . 3 1 . . . Analyze 12 | . . 1 3 . . . . . 3 . . . . . . . . 2 . . . . . . . 3 . . . . Garrison Access Hacks 12 | . . . 1 . . . . . 1 . 2 . 2 . . . . . . . . . . 1 1 . 1 3 . . Seal Access 12 | . . . 1 . . . . . 1 . 2 . 2 . . . . . . . . . . 1 1 . 1 3 . . Unauthorized Hacks 63 | . 2 2 3 7 . . . . 6 . 17 . 4 . . . . 8 . . . . 3 4 2 . 2 . 3 . Terminals 37 | . 2 2 3 1 . . . . 4 . 7 . 4 . . . . 3 . . . . 1 4 1 . 2 . 3 . Track 5 | . . . . . . . . . 1 . 1 . . . . . . . . . . . 1 . . . . . 2 . Assimilate 14 | . 1 . . . . . . . 1 . 4 . 1 . . . . 1 . . . . . 3 1 . 2 . . . Botnet 14 | . . 1 3 1 . . . . 2 . 2 . 2 . . . . 1 . . . . . 1 . . . . 1 . Operators 4 | . 1 1 . . . . . . . . . . 1 . . . . 1 . . . . . . . . . . . . Fabricators 12 | . . . . 5 . . . . 2 . 2 . . . . . . 1 . . . . 1 . 1 . . . . . Report 1 | . . . . 1 . . . . . . . . . . . . . . . . . . . . . . . . . . Prioritize 4 | . . . . . . . . . . . 2 . . . . . . . . . . . 1 . 1 . . . . . Fabnet 4 | . . . . 3 . . . . 1 . . . . . . . . . . . . . . . . . . . . . Haulers 3 | . . . . 1 . . . . 1 . . . . . . . . 1 . . . . . . . . . . . . Repair Stations 2 | . . . . 1 . . . . . . 1 . . . . . . . . . . . . . . . . . . . Mechanics 2 | . . . . 1 . . . . . . 1 . . . . . . . . . . . . . . . . . . . Recycling Units 12 | . . . . . . . . . . . 7 . . . . . . 4 . . . . 1 . . . . . . . Monitor 2 | . . . . . . . . . . . 1 . . . . . . 1 . . . . . . . . . . . . Reject 5 | . . . . . . . . . . . 3 . . . . . . 1 . . . . 1 . . . . . . . Recyclers 2 | . . . . . . . . . . . 1 . . . . . . 1 . . . . . . . . . . . . Mask 3 | . . . . . . . . . . . 2 . . . . . . 1 . . . . . . . . . . . . Scanalyzers . | . . . . . . . . . . . . . . . . . . . . . . . . . . . . . . . Garrison Access . | . . . . . . . . . . . . . . . . . . . . . . . . . . . . . . . Data Cores Recovered 1 | . 1 . . . . . . . . . . . . . . . . . . . . . . . . . . . . . Used . | . . . . . . . . . . . . . . . . . . . . . . . . . . . . . . . Hacking Detections 128 | . 5 4 7 6 . . . . 11 . 19 1 11 . . . . 8 . . . . 6 12 3 10 9 9 7 . Full Trace Events 21 | . 2 . . 1 . . . . . . 3 . 5 . . . . 3 . . . . 2 . 1 1 . 3 . . Feedback Events 2 | . . . . . . . . . . . . . 1 . . . . . . . . . 1 . . . . . . . Corruption 1 | . . . . . . . . . . . . . . . . . . . . . . . 1 . . . . . . . Hackware Fried 1 | . . . . . . . . . . . . . 1 . . . . . . . . . . . . . . . . . Feedback Blocked . | . . . . . . . . . . . . . . . . . . . . . . . . . . . . . . . Robot Schematics Acquired 9 | . 1 . . 2 . . 2 . . . . . . . . . . . . . . . . . . 4 . . . . Robots Built 2 | . . . . . . . . . . . 2 . . . . . . . . . . . . . . . . . . . Authchips . | . . . . . . . . . . . . . . . . . . . . . . . . . . . . . . . Time 67 | . . . . . . . . . . . 67 . . . . . . . . . . . . . . . . . . . Total Robot Build Rating 8 | . . . . . . . . . . . 8 . . . . . . . . . . . . . . . . . . . Part Schematics Acquired 48 | . . 2 3 3 . . 15 . 4 . 1 . 3 . . . . 2 . . 4 . . 2 1 8 . . . . Parts Built 13 | . . . . . . . . . . . 2 . 3 . . . . 2 . . . . 1 . 1 2 . 2 . . Authchips . | . . . . . . . . . . . . . . . . . . . . . . . . . . . . . . . Time 709 | . . . . . . . . . . . 228 . 180 . . . . 58 . . . . 38 . 55 46 . 104 . . Total Part Build Rating 84 | . . . . . . . . . . . 10 . 13 . . . . 14 . . . . 5 . 9 18 . 15 . . Parts Repaired 12 | . 1 . . . . . . . 1 . 2 . 1 . . . . 1 . . . . . 2 . 1 1 1 1 . Time 405 | . 26 . . . . . . . 22 . 112 . 40 . . . . 22 . . . . . 51 . 40 40 26 26 . Parts Recycled . | . . . . . . . . . . . . . . . . . . . . . . . . . . . . . . . Recycled Matter . | . . . . . . . . . . . . . . . . . . . . . . . . . . . . . . . Retrieved Matter . | . . . . . . . . . . . . . . . . . . . . . . . . . . . . . . . Retrieved Components 19 | . . 10 . . . . . . . . 8 . . . . . . . . . . . 1 . . . . . . . Parts Scanalyzed 6 | . . 1 2 . . . . . 1 . . . . . . . . 1 . . . . . . . 1 . . . . Part Schematics Acquired 6 | . . 1 2 . . . . . 1 . . . . . . . . 1 . . . . . . . 1 . . . . Parts Damaged . | . . . . . . . . . . . . . . . . . . . . . . . . . . . . . . . Bothacking | -11 -10 -9 -8 -7 -7 -7 -7 -6 -6 -6 -6 -6 -5 -5 -5 -5 -4 -4 -4 -4 -4 -3 -3 -3 -2 -2 -2 -1 -1 -1 ------------ Run | Scr Mat Mat Mat Fac Low Low Zio Pro Fac Was Fac Ext Fac Upp Upp War Pro Fac Upp Upp Zhi Pro Res Qua Res Tes Sec Acc Com Ac0 Used RIF Installer . | . . . . . . . . . . . . . . . . . . . . . . . . . . . . . . . Robots Hacked 6 | . . . . . . . . 1 1 . 1 . 1 . 1 1 . . . . . . . . . . . . . . Non-combat 1 | . . . . . . . . . 1 . . . . . . . . . . . . . . . . . . . . . Combat 5 | . . . . . . . . 1 . . 1 . 1 . 1 1 . . . . . . . . . . . . . . Robot Hacks Applied 1 | . . . . . . . . . 1 . . . . . . . . . . . . . . . . . . . . . find_chute 1 | . . . . . . . . . 1 . . . . . . . . . . . . . . . . . . . . . Relay Couplers Released . | . . . . . . . . . . . . . . . . . . . . . . . . . . . . . . . Fabnet Peak Effective % 9 | . . . . . . . . 9 9 9 9 9 6 6 6 6 1 1 1 1 1 . . . . . . . . . Autooverrided 5 | . . . . . . . . 1 . . 1 . 1 . 1 1 . . . . . . . . . . . . . . Robots Rewired 5 | . . . . . . . . . . . . . . . . 5 . . . . . . . . . . . . . . Allies Hacked 3 | . . . . . . . . . . . 1 . . . . . . . . . . . . 1 . . 1 . . . Hacks Repelled . | . . . . . . . . . . . . . . . . . . . . . . . . . . . . . . . Allies | -11 -10 -9 -8 -7 -7 -7 -7 -6 -6 -6 -6 -6 -5 -5 -5 -5 -4 -4 -4 -4 -4 -3 -3 -3 -2 -2 -2 -1 -1 -1 -------- Run | Scr Mat Mat Mat Fac Low Low Zio Pro Fac Was Fac Ext Fac Upp Upp War Pro Fac Upp Upp Zhi Pro Res Qua Res Tes Sec Acc Com Ac0 Total Allies 49 | . . . . . . . . 1 1 19 6 . 2 . 1 6 . 1 . . . . . 3 1 . 2 3 3 . Largest Group 19 | . . . . . . . . 1 1 19 3 . 1 1 1 5 5 1 . . . . . 2 1 . 1 3 3 . Highest-Rated Group 702 | . . . . . . . . 29 10 702 76 . 41 10 29 253 253 26 . . . . . 52 26 . 45 374 372 . Highest-Rated Ally 131 | . . . . . . . . 29 10 50 32 . 41 10 29 65 65 26 . . . . . 45 26 . 45 131 131 . Total Orders 13 | . . . . . . . . . . . . . . . . . 1 . . . . . . 12 . . . . . . STAY 7 | . . . . . . . . . . . . . . . . . 1 . . . . . . 6 . . . . . . FOLLOW 6 | . . . . . . . . . . . . . . . . . . . . . . . . 6 . . . . . . Ally Attacks 124 | . . . . . . . . 1 . 61 9 . 4 . 2 20 19 . . . . . . . . . . 5 3 . Total Damage 4477 | . . . . . . . . 20 . 1951 488 . 12 . 38 951 768 . . . . . . . . . . 201 48 . Kills 13 | . . . . . . . . . . 2 4 . . . . 3 3 . . . . . . . . . . 1 . . Allies Corrupted . | . . . . . . . . . . . . . . . . . . . . . . . . . . . . . . . Allies Melted 1 | . . . . . . . . . . . . . . . . . . . . . . . . . . 1 . . . . Intel | -11 -10 -9 -8 -7 -7 -7 -7 -6 -6 -6 -6 -6 -5 -5 -5 -5 -4 -4 -4 -4 -4 -3 -3 -3 -2 -2 -2 -1 -1 -1 ------- Run | Scr Mat Mat Mat Fac Low Low Zio Pro Fac Was Fac Ext Fac Upp Upp War Pro Fac Upp Upp Zhi Pro Res Qua Res Tes Sec Acc Com Ac0 Robot Analysis Total 12 | . 4 1 . . . . . . . . 2 . . . . . . . . . 4 . . . . . . . 1 . Derelict Logs Recovered 9 | . . . . . 2 2 . . . . . . . 1 2 . 1 . 1 . . . . . . . . . . . Drone Launches . | . . . . . . . . . . . . . . . . . . . . . . . . . . . . . . . Drone Recoveries . | . . . . . . . . . . . . . . . . . . . . . . . . . . . . . . . Exploration | -11 -10 -9 -8 -7 -7 -7 -7 -6 -6 -6 -6 -6 -5 -5 -5 -5 -4 -4 -4 -4 -4 -3 -3 -3 -2 -2 -2 -1 -1 -1 ------------- Run | Scr Mat Mat Mat Fac Low Low Zio Pro Fac Was Fac Ext Fac Upp Upp War Pro Fac Upp Upp Zhi Pro Res Qua Res Tes Sec Acc Com Ac0 Turns Passed 19443 | 58 2381 1532 1989 355 137 126 376 204 516 179 1492 189 992 211 298 683 269 751 79 85 68 181 333 604 123 555 938 780 2685 274 Spaces Moved 32467 | 14 833 735 682 721 426 358 1077 488 1068 275 2816 332 1885 430 429 953 492 1750 374 403 233 581 816 1612 258 1194 1886 1479 6809 1058 Core 1 | . . . . . . . . . . . . . . . . . . . . . . . . . . . . . 1 . Treads 1716 | . 812 222 682 . . . . . . . . . . . . . . . . . . . . . . . . . . . Legs 35 | 14 21 . . . . . . . . . . . . . . . . . . . . . . . . . . . . . Wheels 513 | . . 513 . . . . . . . . . . . . . . . . . . . . . . . . . . . . Hover . | . . . . . . . . . . . . . . . . . . . . . . . . . . . . . . . Flight 30202 | . . . . 721 426 358 1077 488 1068 275 2816 332 1885 430 429 953 492 1750 374 403 233 581 816 1612 258 1194 1886 1479 6808 1058 Fastest Speed 6 | 120 120 115 240 32 32 32 32 29 29 32 34 34 29 29 29 24 24 21 21 21 21 21 19 19 19 19 19 19 19 6 Average Speed 36 | 120 217 152 242 32 32 32 32 31 30 33 34 34 29 29 29 26 24 21 21 21 21 21 19 19 19 19 19 19 19 14 Slowest Speed 245 | 120 240 240 245 32 32 32 32 32 102 34 34 34 31 29 29 93 24 21 21 21 21 21 87 85 19 19 19 19 100 19 Overloaded Moves 158 | . . . . . . . . 2 1 . . . . . . . . . . . . . . . . . . . . 155 Propulsion Burnouts . | . . . . . . . . . . . . . . . . . . . . . . . . . . . . . . . Robots Hopped 301 | . . . . 6 . . . . 2 2 9 . 2 . . 2 . 5 . . . . 6 4 6 6 6 15 228 2 Cave-ins Triggered 1 | . . . . . . . . . 1 . . . . . . . . . . . . . . . . . . . . . Teleports 4 | . . . . . . . . . . . . . . . . . . . . . . . . . . . 1 1 1 1 Exploration Rate (%) 56 | 3 95 45 51 19 56 55 79 68 36 88 69 33 45 51 64 90 49 29 68 58 62 55 23 92 13 89 82 38 94 65 Regions Visited 30 Branch Regions 18 Pre-discovered Areas 8 | . . . . . . . 3 . . . . . . . 1 . 1 . . . 3 . . . . . . . . . Known Exits Taken 25 | . . . 1 1 1 1 1 1 . . 1 1 1 1 1 1 1 1 1 1 1 1 1 1 1 1 1 1 1 . Unknown Exits Taken 3 | 1 1 1 . . . . . . . . . . . . . . . . . . . . . . . . . . . . Scrap Searched 23 | . . . . . 1 1 4 4 . . . . . 2 3 . . . 1 5 . 2 . . . . . . . . Spaces Dug 367 | . . 10 . 12 . 2 . 10 19 37 42 1 28 13 23 9 13 32 . . . 14 11 16 4 5 24 15 22 5 Terrain Destroyed 584 | . . 17 11 12 . 2 . 10 30 55 146 1 28 13 23 9 13 32 . . . 14 11 82 4 5 24 15 22 5 Melee 313 | . . . . 12 . 2 . 10 19 . 42 1 28 13 23 9 13 32 . . . 14 11 12 4 5 23 13 22 5 Projectile 11 | . . . . . . . . . . 3 . . . . . . . . . . . . . 5 . . 1 2 . . AOE 260 | . . 17 11 . . . . . 11 52 104 . . . . . . . . . . . . 65 . . . . . . Terrain Rammed . | . . . . . . . . . . . . . . . . . . . . . . . . . . . . . . . Walls Destroyed . | . . . . . . . . . . . . . . . . . . . . . . . . . . . . . . . Machines Disabled . | . . . . . . . . . . . . . . . . . . . . . . . . . . . . . . . Actions | -11 -10 -9 -8 -7 -7 -7 -7 -6 -6 -6 -6 -6 -5 -5 -5 -5 -4 -4 -4 -4 -4 -3 -3 -3 -2 -2 -2 -1 -1 -1 --------- Run | Scr Mat Mat Mat Fac Low Low Zio Pro Fac Was Fac Ext Fac Upp Upp War Pro Fac Upp Upp Zhi Pro Res Qua Res Tes Sec Acc Com Ac0 Total 38000 | 29 1214 955 878 817 425 365 1109 516 1193 357 3209 393 2221 487 555 1344 616 2039 373 402 248 607 951 1836 314 1484 2302 1916 7689 1156 Wait 3813 | . 236 56 51 . . 3 . 15 68 72 282 37 241 44 104 326 112 221 . . . 11 102 136 50 220 265 373 776 12 Move 31980 | 13 832 734 681 708 425 357 1076 487 1064 271 2798 331 1880 429 428 948 491 1739 373 402 232 580 803 1603 247 1181 1873 1449 6491 1054 Hop 156 | . . . . 6 . . . . 2 1 8 . 2 . . 2 . 5 . . . . 6 4 4 6 6 14 89 1 Pick Up 172 | 1 20 14 13 9 . . 7 2 2 . 3 1 12 . . 7 . 8 . . 2 . 5 4 1 10 10 11 19 11 Fast Attach 231 | 1 1 8 10 3 . 2 9 . 13 3 15 . 17 . . 12 . 5 . . 6 . 6 18 2 13 23 5 51 8 Attach 95 | . 5 8 2 9 . . 1 . 3 2 . 4 4 . . 2 . 4 . . . . 2 2 1 3 5 8 22 8 Detach 29 | . . . 1 . . . . . 3 2 . 1 . . . 1 . . . . . . . 2 . 2 3 4 10 . Swap 108 | . 5 11 15 1 . . . . . . 3 . 2 . . 1 . 3 . . 1 . 1 11 4 9 18 10 8 5 Drop 323 | . 7 18 27 24 . 1 15 2 8 3 14 2 17 . . 17 . 9 . . 6 . 8 19 1 23 23 11 54 14 Fire 332 | 14 104 104 78 . . . . . 2 3 6 . . . . . . . . . . . . 10 . . 3 3 5 . Melee 682 | . . . . 21 . 2 1 10 28 . 62 7 46 14 23 19 13 45 . . 1 16 18 27 4 17 73 28 164 43 Ram . | . . . . . . . . . . . . . . . . . . . . . . . . . . . . . . . Kick . | . . . . . . . . . . . . . . . . . . . . . . . . . . . . . . . Crush 6 | . 4 2 . . . . . . . . . . . . . . . . . . . . . . . . . . . . Escape Stasis 64 | . . . . 36 . . . . . . 18 10 . . . . . . . . . . . . . . . . . . Rewire 9 | . . . . . . . . . . . . . . . . 9 . . . . . . . . . . . . . . Trap . | . . . . . . . . . . . . . . . . . . . . . . . . . . . . . . . Miscellaneous . | . . . . . . . . . . . . . . . . . . . . . . . . . . . . . . . Route ------- -11/Scrapyard -10/Materials (discovered 5 exits: *Mat x3 / [*Min x2]) -9/Materials -8/Materials -7/Factory (discovered 3 exits: *Fac / *Low x2) -7/Lower Caves -7/Lower Caves -7/Zion -6/Proximity Caves -6/Factory (discovered 6 exits: *Fac x2 / *Low x2 / Ext x2) -6/Waste -6/Factory (discovered 5 exits: *Fac x3 / *Low / *Ext) -6/Extension -5/Factory (discovered 3 exits: *Fac / *Upp x2) -5/Upper Caves -5/Upper Caves -5/Warlord -4/Proximity Caves -4/Factory (discovered 4 exits: *Res x2 / *Upp x2) -4/Upper Caves -4/Upper Caves (discovered 2 exits: *Res / *Zhi) -4/Zhirov -3/Proximity Caves -3/Research (discovered 4 exits: *Res / Arm / *Qua x2) -3/Quarantine -2/Research (discovered 2 exits: *Tes x2) -2/Testing (discovered 2 exits: *Acc / *Sec) -2/Section 7 -1/Access (discovered 2 exits: Sur / *Com) -1/Command (discovered 3 exits: *Sur x2 / *Ac0) -1/Access_0 To Epsilon Eridani History --------- Turn | Location | Event 10 | -11/Scrapyard | Discovered new exit (range 3) 59 | -11/Scrapyard | Entered Materials 287 | -10/Materials | Core integrity fell below 50% 301 | -10/Materials | Build established: Mutant 553 | -10/Materials | Discovered new exit (range 9) 717 | -10/Materials | Discovered new exit (range 13) 909 | -10/Materials | Repaired Lgt. Treads 1373 | -10/Materials | Discovered new exit (range 16) 1562 | -10/Materials | Discovered new exit (range 13) 2100 | -10/Materials | Discovered new exit (range 16) 2183 | -10/Materials | Core integrity fell below 20% 2440 | -10/Materials | Entered another Materials area 2440 | -9/Materials | Evolved 2 slots: Utility x2 2928 | -9/Materials | Lost 3 parts (1p2w) 3048 | -9/Materials | Discovered new exit (range 13) 3269 | -9/Materials | Core integrity fell below 50% 3936 | -9/Materials | Build established: Scavenger-Mutant 3972 | -9/Materials | Entered another Materials area 3972 | -8/Materials | Evolved 2 slots: Utility x2 5024 | -8/Materials | Discovered new exit (range 15) 5058 | -8/Materials | Identified exit to Factory 5761 | -8/Materials | Central database locked down 5961 | -8/Materials | Entered Factory 5961 | -7/Factory | Evolved 2 slots: Utility x2 6190 | -7/Factory | Discovered new exit (range 13) 6270 | -7/Factory | Build established: Hacker-Scout 6286 | -7/Factory | Identified exit to Lower Caves 6286 | -7/Factory | Central database locked down 6316 | -7/Factory | Entered Lower Caves 6400 | -7/Lower Caves | Encountered a Warlord checkpoint 6413 | -7/Lower Caves | Discovered new exit (range 12) 6414 | -7/Lower Caves | Learned 4 Factory zone layouts 6417 | -7/Lower Caves | Identified exit to Lower Caves 6453 | -7/Lower Caves | Entered another Lower Caves area 6457 | -7/Lower Caves | Learned 8 Factory zone layouts 6489 | -7/Lower Caves | Found Alien Artifact 6489 | -7/Lower Caves | Identified Core Expander 6489 | -7/Lower Caves | Installed Core Expander, added new Power slot 6530 | -7/Lower Caves | Learned location of 1 exit from Proximity Caves 6534 | -7/Lower Caves | Discovered new exit (range 15) 6538 | -7/Lower Caves | Identified exit to Zion 6579 | -7/Lower Caves | Entered Zion 6595 | -7/Zion | Acquired unknown access codes intercepted by a Zionite 6610 | -7/Zion | Found Prototype Special Weapon 6610 | -7/Zion | Identified RU-N14's Throwing Claymores 6620 | -7/Zion | Discovered new exit (range 15) 6661 | -7/Zion | Learned location of Quarantine (-3) 6714 | -7/Zion | Found Prototype Processor 6714 | -7/Zion | Identified Exp. Signal Interpreter 6717 | -7/Zion | Found Prototype Processor 6717 | -7/Zion | Identified Spectral Analyzer 6719 | -7/Zion | Found Prototype Processor 6719 | -7/Zion | Identified Exp. Terrain Scan Processor 6722 | -7/Zion | Found Prototype Processor 6722 | -7/Zion | Identified Exp. Targeting Computer 6726 | -7/Zion | Found Prototype Hackware 6726 | -7/Zion | Identified Exp. Hacking Suite 6800 | -7/Zion | Learned location of Armory (-3) 6822 | -7/Zion | Found CR-A16's Pointy Stick 6886 | -7/Zion | Found RU-N14's Throwing Claymores 6888 | -7/Zion | Found RU-N14's Throwing Claymores 6889 | -7/Zion | Found RU-N14's Throwing Claymores 6955 | -7/Zion | Identified exit to Proximity Caves 6955 | -7/Zion | Entered Proximity Caves 6956 | -6/Proximity Caves | Identified exit to Factory 7084 | -6/Proximity Caves | Attracted the attention of an 0b10 checkpoint 7159 | -6/Proximity Caves | Entered Factory 7159 | -6/Factory | Evolved 2 slots: Propulsion x1, Utility x1 7160 | -6/Factory | Identified exit to Extension 7160 | -6/Factory | Identified exit to Factory 7350 | -6/Factory | Spotted B-75 Beast 7420 | -6/Factory | Identified exit to Lower Caves 7479 | -6/Factory | Crushed by falling debris 7626 | -6/Factory | Discovered exit to Factory (range 12) 7664 | -6/Factory | Repaired Greatsword? 7675 | -6/Factory | Manually triggered Chute Trap 7675 | -6/Factory | Sucked down chute 7675 | -6/Factory | Entered Waste 7682 | -6/Waste | Spotted C-40 Crusher 7684 | -6/Waste | Spotted C-40 Crusher 7688 | -6/Waste | Spotted C-40 Crusher 7699 | -6/Waste | Spotted C-40 Crusher 7699 | -6/Waste | Spotted C-40 Crusher 7700 | -6/Waste | Spotted C-40 Crusher 7723 | -6/Waste | Warlord forces began an assault 7847 | -6/Waste | Discovered new exit (range 20) 7853 | -6/Waste | Identified exit to Factory 7854 | -6/Waste | Entered Factory 8094 | -6/Factory | Discovered exit to Factory (range 15) 8324 | -6/Factory | Discovered exit to Lower Caves (range 16) 8477 | -6/Factory | Repaired Q-thruster 8712 | -6/Factory | Discovered exit to Factory (range 15) 8715 | -6/Factory | Fabricated Y-54 Guardian? 8757 | -6/Factory | Discovered exit to Factory (range 19) 8812 | -6/Factory | Spotted B-75 Beast 8876 | -6/Factory | Fabricated Biomechanical Wings? 8907 | -6/Factory | Fabricated Biomechanical Wings? 9064 | -6/Factory | Repaired Greatsword 9252 | -6/Factory | Discovered exit to Extension (range 16) 9346 | -6/Factory | Entered Extension 9403 | -6/Extension | Spotted B-75 Beast 9508 | -6/Extension | Build established: Wizard-Mutant 9508 | -6/Extension | Spotted B-75 Beast 9522 | -6/Extension | Core integrity fell below 50% 9532 | -6/Extension | Core integrity fell below 20% 9534 | -6/Extension | Discovered exit to Factory (range 3) 9535 | -6/Extension | Entered Factory 9535 | -5/Factory | Evolved 2 slots: Propulsion x2 9536 | -5/Factory | Identified exit to Upper Caves 9565 | -5/Factory | Lost 6 parts (1p3u2w) 9576 | -5/Factory | Fabricated Greatsword (x2) 9812 | -5/Factory | Discovered new exit (range 10) 9814 | -5/Factory | Identified exit to Factory 9948 | -5/Factory | Repaired Exp. Propulsion Shielding 10010 | -5/Factory | Adv. System Shield fried by hacking feedback 10080 | -5/Factory | Build established: Hacker-Sprinter 10086 | -5/Factory | Fabricated Biomechanical Wings? 10275 | -5/Factory | Fabricated Biomechanical Wings (x1) 10527 | -5/Factory | Entered Upper Caves 10527 | -5/Upper Caves | Accompanied by 1 ally 10616 | -5/Upper Caves | Learned location of 1 exit from Factory 10733 | -5/Upper Caves | Discovered new exit (range 14) 10738 | -5/Upper Caves | Identified exit to Upper Caves 10738 | -5/Upper Caves | Entered another Upper Caves area 10866 | -5/Upper Caves | Spotted B-75 Beast 10951 | -5/Upper Caves | Attracted the attention of an 0b10 outpost 10962 | -5/Upper Caves | Identified exit to Warlord 11036 | -5/Upper Caves | Entered Warlord 11203 | -5/Warlord | Met Warlord 11228 | -5/Warlord | Warlord's base attacked by MAIN.C 11235 | -5/Warlord | Found Prototype Device 11235 | -5/Warlord | Identified Exp. Phase Shifter 11243 | -5/Warlord | Found Prototype Device 11243 | -5/Warlord | Identified Exp. Focal Shield 11267 | -5/Warlord | Found Prototype Launcher 11267 | -5/Warlord | Identified Vortex Catalyst Activator 11269 | -5/Warlord | Found Prototype Piercing Weapon 11269 | -5/Warlord | Identified Vortex Lance 11578 | -5/Warlord | Warlord forces counterattacked 11605 | -5/Warlord | Spotted Striker 11684 | -5/Warlord | Discovered new exit (range 15) 11699 | -5/Warlord | Identified exit to Proximity Caves 11719 | -5/Warlord | Entered Proximity Caves 11719 | -4/Proximity Caves | Accompanied by 5 allies 11980 | -4/Proximity Caves | Snuck into a huge 0b10 base via the rear entrance 11988 | -4/Proximity Caves | Discovered exit to Factory (range 3) 11988 | -4/Proximity Caves | Entered Factory 11988 | -4/Factory | Evolved 2 slots: Propulsion x1, Utility x1 11989 | -4/Factory | Identified exit to Research 11996 | -4/Factory | Found Prototype Processor 11996 | -4/Factory | Identified Exp. Melee Analysis Suite 12022 | -4/Factory | Repaired Greatsword 12024 | -4/Factory | Found Exp. Melee Analysis Suite 12026 | -4/Factory | Found Exp. Melee Analysis Suite 12080 | -4/Factory | Identified exit to Upper Caves 12344 | -4/Factory | Fabricated Nanoactuators? 12728 | -4/Factory | Discovered exit to Research (range 4) 12739 | -4/Factory | Entered Upper Caves 12764 | -4/Upper Caves | Ambushed by wild Derelicts 12817 | -4/Upper Caves | Discovered new exit (range 6) 12818 | -4/Upper Caves | Identified exit to Upper Caves 12818 | -4/Upper Caves | Entered another Upper Caves area 12828 | -4/Upper Caves | Discovered exit to Research (range 9) 12832 | -4/Upper Caves | Spotted B-86 Titan 12854 | -4/Upper Caves | Discovered new exit (range 7) 12859 | -4/Upper Caves | Identified exit to Zhirov 12903 | -4/Upper Caves | Entered Zhirov 12903 | -4/Zhirov | Discovered new exit (range 3) 12907 | -4/Zhirov | Met Zhirov 12921 | -4/Zhirov | Zhirov requested help retrieving the SGEMP Prototype 12925 | -4/Zhirov | Learned location of Testing (-2) 12925 | -4/Zhirov | Learned location of Command (-1) 12932 | -4/Zhirov | Found Alien Artifact 12932 | -4/Zhirov | Identified Integrated Reactor 12932 | -4/Zhirov | Installed Integrated Reactor, increased core energy generation (+10) 12954 | -4/Zhirov | Found Alien Artifact 12971 | -4/Zhirov | Identified exit to Proximity Caves 12971 | -4/Zhirov | Entered Proximity Caves 13150 | -3/Proximity Caves | Discovered exit to Research (range 12) 13152 | -3/Proximity Caves | Entered Research 13152 | -3/Research | Evolved 2 slots: Propulsion x1, Utility x1 13311 | -3/Research | Identified exit to Armory 13311 | -3/Research | Identified exit to Quarantine 13420 | -3/Research | Discovered new exit (range 12) 13423 | -3/Research | Identified exit to Research 13462 | -3/Research | Fabricated Exp. Utility Shielding? 13485 | -3/Research | Entered Quarantine 13493 | -3/Quarantine | Found Alien Slashing Weapon 13493 | -3/Quarantine | Identified Sigix Broadsword 13507 | -3/Quarantine | Cryocooling Duct disabled 13522 | -3/Quarantine | Ambient heat levels rising (+20) 13522 | -3/Quarantine | Non-combat units ordered to evacuate 13548 | -3/Quarantine | Found Alien Artifact 13548 | -3/Quarantine | Identified Terrabomb 13548 | -3/Quarantine | Used Terrabomb 13642 | -3/Quarantine | Repaired Exp. Propulsion Shielding 13663 | -3/Quarantine | Found Alien Artifact 13663 | -3/Quarantine | Identified Phase Armor 13761 | -3/Quarantine | Repaired Lgt. Fission Core 13885 | -3/Quarantine | Found Alien Artifact 13885 | -3/Quarantine | Identified Subatomic Replicator 14041 | -3/Quarantine | Discovered exit to Research (range 11) 14064 | -3/Quarantine | Found Alien Artifact 14064 | -3/Quarantine | Identified Phase Redirector 14071 | -3/Quarantine | Found Alien Artifact 14083 | -3/Quarantine | Identified Core Reset Matrix 14083 | -3/Quarantine | Identified Transdimensional Reconstructor 14089 | -3/Quarantine | Entered Research 14089 | -2/Research | Warlord forces began assault on 0b10 14089 | -2/Research | Evolved 2 slots: Utility x2 14090 | -2/Research | Identified exit to Testing 14113 | -2/Research | Spotted B-90 Cyclops 14129 | -2/Research | Spotted B-90 Cyclops 14196 | -2/Research | Fabricated Femtoactuators? 14199 | -2/Research | Research machine network offline 14212 | -2/Research | Entered Testing 14232 | -2/Testing | Found Lgt. Regenerative Plating 14234 | -2/Testing | Found Prototype Protection 14234 | -2/Testing | Identified Med. Regenerative Plating 14325 | -2/Testing | Fabricated Adv. Force Booster? 14339 | -2/Testing | Found Prototype Launcher 14339 | -2/Testing | Identified Com. Tesla Bomb Launcher 14386 | -2/Testing | Repaired Biomechanical Wings 14415 | -2/Testing | Spotted Striker 14415 | -2/Testing | Spotted Striker 14417 | -2/Testing | Spotted Alpha 7 14418 | -2/Testing | Stole the SGEMP Prototype 14435 | -2/Testing | Found Prototype Device 14436 | -2/Testing | Identified Thermal Barrier 14469 | -2/Testing | Discovered new exit (range 15) 14483 | -2/Testing | Found Prototype Ballistic Gun 14483 | -2/Testing | Identified Hyp. Multirail 14544 | -2/Testing | Found Prototype Ballistic Cannon 14544 | -2/Testing | Identified Perforator 14576 | -2/Testing | Found Prototype Energy Cannon 14576 | -2/Testing | Identified Null Cannon 14608 | -2/Testing | Found Prototype Hackware 14608 | -2/Testing | Identified System Mapper 14625 | -2/Testing | Spotted PY-EHH8UKECFK 14639 | -2/Testing | Spotted Fortress 14656 | -2/Testing | Discovered new exit (range 6) 14657 | -2/Testing | Identified exit to Section 7 14767 | -2/Testing | Entered Section 7 14784 | -2/Section 7 | Spotted S7 Guard 14785 | -2/Section 7 | Found Alien Artifact 14785 | -2/Section 7 | Identified Navigation Efficiency Matrix 14785 | -2/Section 7 | Installed Navigation Efficiency Matrix, process failed with unexpected side effects 14793 | -2/Section 7 | Spotted S7 Guard 14798 | -2/Section 7 | Found Alien Artifact 14798 | -2/Section 7 | Identified Core Regenerator 14798 | -2/Section 7 | Used Core Regenerator, restored core integrity (+0) 14840 | -2/Section 7 | Identified exit to Access 14915 | -2/Section 7 | Spotted S7 Guard 15011 | -2/Section 7 | Found Alien Artifact 15017 | -2/Section 7 | Search patrols dispatched 15021 | -2/Section 7 | Identified Integrated Thermoelectric Network 15022 | -2/Section 7 | Installed Integrated Thermoelectric Network, gained heat-energy exchange potential 15056 | -2/Section 7 | Spotted B-90 Cyclops 15097 | -2/Section 7 | Found Alien Artifact 15097 | -2/Section 7 | Identified Microwarp Drive 15206 | -2/Section 7 | Spotted Alpha 7 15206 | -2/Section 7 | Spotted Alpha 7 15212 | -2/Section 7 | Spotted B-99 Colossus 15267 | -2/Section 7 | Found Alien Artifact 15267 | -2/Section 7 | Identified LRC Boosters 15267 | -2/Section 7 | Installed LRC Boosters, increased mass support (+10) 15269 | -2/Section 7 | Found Alien Artifact 15269 | -2/Section 7 | Identified LRC Matter Compressor 15269 | -2/Section 7 | Installed LRC Matter Compressor, increased matter storage capacity (+125) 15271 | -2/Section 7 | Found Alien Artifact 15271 | -2/Section 7 | Identified LRC Storage 15271 | -2/Section 7 | Installed LRC Storage, increased inventory capacity (+2) 15297 | -2/Section 7 | Found Alien Artifact 15297 | -2/Section 7 | Identified Integrated Dissipator 15297 | -2/Section 7 | Installed Integrated Dissipator, increased core heat dissipation (+20) 15359 | -2/Section 7 | Spotted Executioner 15368 | -2/Section 7 | Found Alien Reactor 15368 | -2/Section 7 | Identified Matter Drive 15384 | -2/Section 7 | Found Alien Artifact 15385 | -2/Section 7 | Found Transdimensional Reconstructor 15400 | -2/Section 7 | Spotted Striker 15400 | -2/Section 7 | Spotted Striker 15448 | -2/Section 7 | Found Alien Energy Gun 15448 | -2/Section 7 | Identified Sigix Sheargun 15458 | -2/Section 7 | Spotted Executioner 15458 | -2/Section 7 | Spotted Executioner 15489 | -2/Section 7 | Spotted Striker 15489 | -2/Section 7 | Spotted Striker 15629 | -2/Section 7 | Found Alien Artifact 15629 | -2/Section 7 | Identified Integrated Mediator 15629 | -2/Section 7 | Installed Integrated Mediator, increased core attachment efficiency. 15630 | -2/Section 7 | Warped through subspace 15684 | -2/Section 7 | Repaired Exp. Utility Shielding 15705 | -2/Section 7 | Entered Access 15705 | -1/Access | Evolved 2 slots: Utility x2 15706 | -1/Access | Loaded intel: 103 machine locations 15706 | -1/Access | Loaded intel: 71 trap records 15706 | -1/Access | Identified exit to Surface 15706 | -1/Access | Discovered exit to Surface (range 73) 15706 | -1/Access | Identified exit to Command 15706 | -1/Access | Discovered exit to Command (range 156) 15706 | -1/Access | Delivered the SGEMP Prototype to Zhirov 15706 | -1/Access | Zhirov transferred Access data 15727 | -1/Access | Found Prototype Device 15727 | -1/Access | Identified Exp. Shock Absorption System 15744 | -1/Access | Found Prototype Processor 15744 | -1/Access | Identified Exp. Target Analyzer 15746 | -1/Access | Found Exp. Target Analyzer 15834 | -1/Access | Zhirov warped through subspace 15855 | -1/Access | Fabricated Centrium Greatsword? 16120 | -1/Access | Fabricated Adv. Powered Armor? 16164 | -1/Access | Found Quantum Capacitor 16174 | -1/Access | Identified Hpw. Transdimensional Reconstructor 16174 | -1/Access | Warped through subspace 16227 | -1/Access | Repaired Exp. Propulsion Shielding? 16455 | -1/Access | Search patrols dispatched 16485 | -1/Access | Entered Command 16575 | -1/Command | Disengaged cave seal 16600 | -1/Command | Found Prototype Device 16600 | -1/Command | Identified Exp. ECM Suite 16636 | -1/Command | Spotted B-99 Colossus 16640 | -1/Command | Phase Generator disabled 16654 | -1/Command | Disengaged cave seal 16678 | -1/Command | Spotted Executioner 16679 | -1/Command | Spotted Alpha 7 16685 | -1/Command | Repaired Exp. Utility Shielding? 16701 | -1/Command | Destroyed Executioner 16702 | -1/Command | Found Prototype Device 16702 | -1/Command | Identified Adv. Kinecellerator 16706 | -1/Command | Spotted Executioner 16722 | -1/Command | Found Exp. Melee Analysis Suite 16724 | -1/Command | Found Prototype Slashing Weapon 16724 | -1/Command | Identified Particle Cleaver 16729 | -1/Command | Found Prototype Processor 16729 | -1/Command | Identified Exp. Core Analyzer 16759 | -1/Command | Welcomed Warlord to Command 16838 | -1/Command | Spotted M Guard 16838 | -1/Command | Spotted M Guard 16838 | -1/Command | Spotted Combat Programmer 16838 | -1/Command | Spotted Combat Programmer 16900 | -1/Command | Used Subatomic Replicator to replicate Particle Cleaver 16914 | -1/Command | 0b10 Conduit disabled 16914 | -1/Command | Met MAIN.C 16954 | -1/Command | Destroyed MAIN.C Shell 16957 | -1/Command | MAIN.C activated Command garrisons 16964 | -1/Command | Zhirov used SGEMP to disable MAIN.C 16967 | -1/Command | Found Prototype Protection 16967 | -1/Command | Identified Centrium Heavy Armor Plating 16972 | -1/Command | Found Prototype Energy Cannon 16972 | -1/Command | Identified Hpw. Disruptor Cannon 16992 | -1/Command | Lost 9 parts (1p6u2w) 17062 | -1/Command | Found Prototype Device 17062 | -1/Command | Identified Exp. Transmission Jammer 17064 | -1/Command | Found Prototype Device 17064 | -1/Command | Identified Exp. EM Disruption Field 17066 | -1/Command | Found Prototype Device 17066 | -1/Command | Identified Exp. System Purifier 17138 | -1/Command | Found Prototype Reactor 17138 | -1/Command | Identified Vortex Chain Reactor 17145 | -1/Command | Found Prototype Reactor 17145 | -1/Command | Identified Zero-point Reactor 17691 | -1/Command | Build established: Scavenger-Sprinter 18144 | -1/Command | Found Exp. Signal Interpreter 18190 | -1/Command | Found Exp. Terrain Scan Processor 18395 | -1/Command | Found Femtoactuators 18568 | -1/Command | Discovered exit to Surface (range 38) 18568 | -1/Command | Discovered exit to Surface (range 105) 18568 | -1/Command | Extracted map data and part IDs from MAIN.C's data core 18830 | -1/Command | Build established: Scavenger-Ninja 18867 | -1/Command | Found Hvy. Regenerative Plating 19041 | -1/Command | Found Exp. Core Analyzer 19166 | -1/Command | Warped through subspace to slip node 19166 | -1/Command | Discovered new exit (range 4) 19168 | -1/Command | Identified exit to Access_0 19170 | -1/Command | Entered Access_0 19171 | -1/Access_0 | Met Architect 19188 | -1/Access_0 | Found Hpw. Transdimensional Reconstructor 19199 | -1/Access_0 | A6 warped into view 19212 | -1/Access_0 | Subspace Access Node disabled 19258 | -1/Access_0 | A5 warped into view 19261 | -1/Access_0 | Subspace Access Node disabled 19292 | -1/Access_0 | Singularity Gate disabled 19311 | -1/Access_0 | Core integrity fell below 50% 19316 | -1/Access_0 | A4 warped into view 19354 | -1/Access_0 | Subspace Access Node disabled 19371 | -1/Access_0 | Subspace Access Node disabled 19426 | -1/Access_0 | Core integrity fell below 20% 19438 | -1/Access_0 | Found Hellfire Missile Launcher 19441 | -1/Access_0 | Warped through subspace to slip node 19441 | -1/Access_0 | Discovered exit to Surface (range 8) 19444 | *** | Escaped! Last Messages --------------- 19415_ Acquired Exp. Cooling System. 19416_ Penetrated by Quantum Shear. 19416_ Cld. Field Propulsion Drive destroyed. 19416_ Critical hit (Burn: +37). 19419_ Navigation matrix triggers involuntary quantum shift. 19422_ Lrn. Terrain Scanner destroyed. 19431_ Vortex Chain Reactor destroyed. 19431_ Critical hit (Burn: +37). 19434_ Imp. Diametric Drive destroyed. 19436_ System corrupted: Heat flow error (+144). 19437_ Phasing Sabre destroyed. 19437_ Adv. Force Booster destroyed. 19438_ Acquired Hellfire Missile Launcher. 19439_ Quantum Shear penetrates Wall. 19439_ Acquired Prc. Matter Filter. 19441_ Warped through subspace, drawn to slip node. 19441_ EXIT=FOUND: SURFACE 19441_ A0_RES: I have more important things to do than play hide-and-seek. Deal with this piece of junk if it returns. 19443_ Navigation matrix triggers involuntary quantum shift. Map ----- +----------------------------------------------------+ | | | | | | | | | | | | | | | | | | | | | | | | | | | | | | | | | ?????????????????????????????????????????????????? | | ?????????????????????????????????????????????????? | | ?????????????????????????????????????????????????? | | ?????????????????????????????????????????????????? | | ?????????????????????????????????????????????????? | | ?????????????????????????????????????????????????? | | ????????????????????????###??????????????????????? | | ???????????????????????## ##?????????????????????? | | ???????????????????????# #?????????????????????? | | ???????????????????????# @ #?????????????????????? | | ??????????????????????## #?????????????????????? | | ??????????????????????# #?????????????????????? | | ??????????????????????# ##?????????????????????? | | ??????????????????????## #?????????????????????? | | ??????????????????????# #?????????????????????? | | ??????????????????????# ##?????????????????????? | | ??????????????????????# < #?????????????????????? | | ??????????????????????# ##?????????????????????? | | ??????????????????????## #??????????????????????? | | ???????????????????????####??????????????????????? | | ?????????????????????????????????????????????????? | | ?????????????????????????????????????????????????? | | ?????????????????????????????????????????????????? | | ?????????????????????????????????????????????????? | | ?????????????????????????????????????????????????? | | ?????????????????????????????????????????????????? | | ?????????????????????????????????????????????????? | | ?????????????????????????????????????????????????? | | ?????????????????????????????????????????????????? | | ?????????????????????????????????????????????????? | | ?????????????????????????????????????????????????? | | ?????????????????????????????????????????????????? | | ?????????????????????????????????????????????????? | | ?????????????????????????????????????????????????? | +----------------------------------------------------+ Best States ------------- Heat Dissipation 110 Energy Generation 67 Energy Capacity 1300 Matter Stores 425 Matter Capacity 425 Sight Range 23 Robot Scan Range 18 Terrain Scan Range 24 Terrain Scan Density 1010 Jamming Range 22 Cloak Strength 3 Power Amplification 30 Additional Mass Support 16 Armor Coverage 600 Propulsion Shielding 90 Utility Shielding 90 Weapon Shielding 66 Melee Speed Boost 50 Phase Shifting 20 Evasion (%) 98 Targeting Accuracy 8 Melee Accuracy 36 Target Analysis 10 Core Analysis 8 Armor Integrity Analysis 40 Recoil Reduction 2 Energy Filtering 50 Force Boost 40 Salvage Targeting 1 Offensive Hacking 54 Defensive Hacking 38 Item Schematics ----------------- Sml. Storage Unit | -9/Materials | Scanalyzed Cargo Storage Unit | -9/Materials | Hacked Surge Thruster | -8/Materials | Hacked Autogun | -8/Materials | Scanalyzed Imp. VTOL Module | -8/Materials | Scanalyzed Imp. Propulsion Shielding | -7/Factory | Hacked Greatsword | -7/Factory | Hacked Imp. Coolant Injector | -7/Factory | Hacked Transmission Jammer | -7/Zion | Archive Flexi-carbon Leg | -7/Zion | Archive Imp. Titanium Leg | -7/Zion | Archive Arm. Leg | -7/Zion | Archive Imp. Trap Extractor | -7/Zion | Archive Imp. Hardlight Generator | -7/Zion | Archive Med. Reactive Plating | -7/Zion | Archive Lance | -7/Zion | Archive Corruption Screen | -7/Zion | Archive Plasma Rifle | -7/Zion | Archive Weapon Cycler | -7/Zion | Archive Matter Compressor | -7/Zion | Archive Kinecellerator | -7/Zion | Archive Imp. Medium Treads | -7/Zion | Archive Hvy. Mass Driver | -7/Zion | Archive Exp. Propulsion Shielding | -6/Factory | Hacked Exp. Power Shielding | -6/Factory | Hacked Biomechanical Wings | -6/Factory | Scanalyzed Adv. Sensor Array | -6/Factory | Hacked Exp. Utility Shielding | -6/Factory | Hacked Imp. Heavy Siege Treads | -5/Factory | Hacked Nanoactuators | -5/Factory | Hacked Imp. Powered Armor | -5/Factory | Hacked Imp. Gyrokinetic Inverter | -4/Factory | Scanalyzed Mic. Antimatter Reactor | -4/Factory | Hacked Assault Drone Bay | -4/Zhirov | Free Exp. Heat Sink | -4/Zhirov | Free Exp. Optical Array | -4/Zhirov | Free Imp. Arc Thrower | -4/Zhirov | Free Adv. Powered Armor | -3/Quarantine | Hacked Femtoactuators | -3/Quarantine | Hacked Beam Splitter | -2/Research | Hacked Lgt. Regenerative Plating | -2/Testing | Hacked Centrium Heavy Treads | -2/Testing | Archive Centrium Greatsword | -2/Testing | Archive Adv. Force Booster | -2/Testing | Hacked Exp. Q-thruster | -2/Testing | Scanalyzed Tri-rail Accelerator | -2/Testing | Archive Prc. Energy Filter | -2/Testing | Archive Exp. Coolant Injector | -2/Testing | Archive Robot Schematics ------------------ M-13 Machinist | -10/Materials | Hacked P-60 Hacker | -7/Factory | Hacked I-36 Angel | -7/Factory | Hacked R-06 Scavenger | -7/Zion | Archive B-48 Gladiator | -7/Zion | Archive O-32 Director | -2/Testing | Archive T-07 Excavator | -2/Testing | Archive H-88 Terminator | -2/Testing | Archive G-73 Enforcer | -2/Testing | Archive Fabricated ------------ Y-54 Guardian | x2 | -6/Factory | Preloaded Biomechanical Wings | x1 | -6/Factory Biomechanical Wings | x1 | -6/Factory Greatsword | x2 | -5/Factory Biomechanical Wings | x1 | -5/Factory Nanoactuators | x2 | -4/Factory Exp. Utility Shielding | x1 | -3/Research Femtoactuators | x1 | -2/Research Adv. Force Booster | x2 | -2/Testing Centrium Greatsword | x1 | -1/Access Adv. Powered Armor | x1 | -1/Access Alien Tech Used ----------------- Core Expander Integrated Reactor Sigix Broadsword Terrabomb Phase Armor Subatomic Replicator Phase Redirector Navigation Efficiency Matrix Core Regenerator Integrated Thermoelectric Network Microwarp Drive LRC Boosters LRC Matter Compressor LRC Storage Integrated Dissipator Matter Drive Sigix Sheargun Integrated Mediator Transdimensional Reconstructor High-powered Transdimensional Reconstructor Achievements -------------- Artifact Hunter Behind The Curtain Sorry Old Pal Challenges ------------ None Game ------ Seed MachineSpliceFemtoactuators Manual? 0 Play Time 08:15:09 Cumulative 383.6 hours Start 2022.04.17 @ 06:25:55 End 2022.04.18 @ 07:32:54 Sessions 3 Manual Loads 0 Difficulty Rogue Special Mode None Game No. 192 Rogue 192 Adventurer 0 Explorer 0 Win Type 0 Total 13 Types 7/0/4/2/0/0/0/0/0 Lore% 84 Gallery% 85 Achievement% 70 Wizard Run 0 Options --------- ASCII 0 Keyboard 0 Movement Numpad Keybinds 0 Fullscreen 1 Font 18/SmallcapsGlow Map View 76x50 Tactical HUD 1 Map Filters NONE Filters NONE Steam 1 RUN: 77c9f673-12ec-4937-8fc5-5bb6385856b1